 Dungeon Crawl Stone Soup version 0.30.0-5-g1a98f26d00 (webtiles) character file.

Game seed: 1314933165360396471

2304 cforsyth the Fighter (level 9, 0/71 HPs)
             Began as a Djinni Conjurer on May 11, 2023.
             Slain by an ogre
             ... wielding a +0 giant spiked club
              (18 damage)
             ... on level 6 of the Dungeon.
             The game lasted 00:12:38 (4992 turns).

cforsyth the Fighter (Djinni Conjurer)              Turns: 4992, Time: 00:12:39

Health: 0/71       AC:  5    Str: 12    XL:     9   Next: 68%
Gold:   289        EV: 12    Int: 27    God:
                   SH:  0    Dex: 10

rFire   + + .        v - +6 rapier "Cucam" {heavy, Str+6 Int+3 Dex-2 SInv}
rCold   x . .        (no shield)
rNeg    + . .        a - +0 robe
rPois   ∞            r - +1 hat
rElec   .            k - +1 cloak
rCorr   .            (no gloves)
SInv    +            (boots unavailable)
Will    .....        (no amulet)
Stlth   ++           e - ring of positive energy
HPRegen 0.31/turn    (no ring)
MPRegen 0.00/turn

%: infuse magic (-1 HP)
@: flying
A: sickness immunity, fire resistance 2, cold vulnerability 1, float, innate
caster, HP casting, extra vitality 1
a: no special abilities


You were on level 6 of the Dungeon.
You visited 1 branch of the dungeon, and saw 6 of its levels.

You collected 317 gold pieces.
You spent 28 gold pieces at shops.

Inventory:

Hand Weapons
 v - the +6 rapier "Cucam" (weapon) {heavy, Str+6 Int+3 Dex-2 SInv}
   (You found it on level 5 of the Dungeon)

   Str:       It affects your strength (+6).
   Int:       It affects your intelligence (+3).
   Dex:       It affects your dexterity (-2).
   SInv:      It lets you see invisible.
Armour
 a - a +0 robe (worn)
 k - a +1 cloak (worn)
 r - a +1 hat (worn)
Jewellery
 e - a ring of positive energy (left hand)
Wands
 q - a wand of digging (5)
 w - a wand of flame (6)
Scrolls
 b - 2 scrolls of noise {unknown}
 c - a scroll of fear {unknown}
 g - 5 scrolls of teleportation {unknown}
 i - 2 scrolls of fog {unknown}
 j - a scroll of blinking {unknown}
 m - 5 scrolls of identify {unknown}
 n - 3 scrolls of poison {unknown}
 s - a scroll of silence {unknown}
 u - 3 scrolls of enchant weapon {unknown}
 x - a scroll of vulnerability {unknown}
 y - a scroll of immolation {unknown}
Potions
 d - a potion of might {unknown}
 f - a potion of lignification {unknown}
 h - 3 potions of curing {unknown}
 l - a potion of mutation {unknown}
 o - 2 potions of brilliance {unknown}
 p - a potion of flight {unknown}
 t - a potion of heal wounds {unknown}


   Skills:
 + Level 8.3 Fighting
 - Level 2.9 Dodging
 - Level 2.2 Stealth
 + Level 7.4 Spellcasting


You knew the following spells:

 Your Spells              Type           Power      Damage    Failure   Level
a - Magic Dart            Conj           100%       1d8       1%          1
b - Searing Ray           Conj           100%       2d8       1%          2
c - Dazzling Flash        Conj/Hex       100%       N/A       1%          3
d - Fulminant Prism       Conj/Hex       25%        3d14      2%          4
e - Iskenderun's Mystic   Conj/Tloc      50%        2d11      2%          4
f - Necrotise             Necr           100%       1d9       1%          1
g - Scorch                Fire           100%       2d9       1%          2
h - Ignite Poison         Fire/Tmut/Pois 50%        N/A       1%          3
i - Gell's Gravitas       Tloc           50%        N/A       1%          3
Your spell library was empty.

Dungeon Overview and Level Annotations

Branches:
Dungeon (6/15)
 Temple: D:4-7

Altars:
Fedhas
Makhleb
Nemelex Xobeh

Shops:
D:1 *   D:3 [


Innate Abilities, Weirdness & Mutations

You are immune to sickness and miasma.
You are immune to poison.
Your flesh is very heat resistant. (rF++)
You are vulnerable to cold. (rC-)
You float through the air rather than walking.
You learn spells naturally, not from books.
Your magical power is your life essence.
You have superior vitality. (+4 MHP)


Message History

Press: ? - help, Dir - move target You conjure a prism of explosive energy!
* * * LOW HITPOINT WARNING * * *
A fulminant prism comes into view.
Your fulminant prism crackles loudly.
The hound bites you but does no damage.
Your fulminant prism explodes!
The blast of energy engulfs the hound!
You kill the hound!
You hear an angry growl.
A jelly comes into view.
Casting: Fulminant Prism (dangerous; 2% risk of failure)
Confirm with . or Enter, or press ? or * to list all spells.
Aiming: Fulminant Prism (dangerous; 2% risk of failure)
Press: ? - help, Dir - move target You conjure a prism of explosive energy!
The jelly quivers.
* * * LOW HITPOINT WARNING * * *
A fulminant prism comes into view.
Your fulminant prism crackles loudly.
A black bear comes into view.
Your fulminant prism explodes!
The blast of energy engulfs the jelly!!
You kill the jelly!
An ogre comes into view. It is wielding a +0 giant spiked club.
Things that are here:
a +0 short sword; 8 poisoned darts
Things that are here:
a +0 club; 4 poisoned darts
Casting: Fulminant Prism (dangerous; 2% risk of failure)
Confirm with . or Enter, or press ? or * to list all spells.
You erupt in a blast of force!
The mystic blast hits the black bear!!
The black bear is severely wounded.
The black bear is knocked back by the mystic blast.
The mystic blast hits the ogre!
The ogre is heavily wounded.
The ogre shouts!
* * * LOW HITPOINT WARNING * * *
The ogre hits you with a +0 giant spiked club!!
You die...

# #.# #..#.####.###.## #..# # #.#
#..#.##....##.#####..##### #
#.####..#.##.........=......... #
#.........##....##.#####<.####.
###.####..####....##.#####..####.
.##.......####....##.............
.##.####..##...#.###.............
.................................
.##.#####.##.###@###..####..#.##.
.##.# #.##.# #.O....# #..#.#
.##.#####....# #.)....# #..#.#
.##.#.....######....†.# #..#
................h..)†.# #..#
..#.##....#.####......# .)#
..#.##....#.##....##..#
#.##....#.##....##..)..
...........'.............


You could see a black bear and an ogre.

Vanquished Creatures
  5 yaks (D:6)
  2 water moccasins
  Pargi (D:3)
  A black bear (D:5)
  A sky beast (D:6)
  2 ogres (D:5)
  A centaur (D:5)
  A kobold brigand (D:6)
  Blork the orc (D:4)
  3 scorpions
  A howler monkey (D:6)
  A crimson imp (D:4)
  3 jellies
  2 hounds
  An orc priest (D:4)
  Jessica (D:3)
  An orc wizard (D:4)
  Terence (D:3)
  2 iguanas
  8 adders
  An ufetubus (D:6)
  3 worms
  3 dart slugs
  5 orcs
  10 ball pythons
  7 endoplasms
  7 giant cockroaches
  12 goblins
  5 hobgoblins
  3 jackals (D:2)
  12 kobolds
  3 quokkas
  6 bats
  4 frilled lizards
  3 rats
123 creatures vanquished.

Vanquished Creatures (others)
  28 fulminant prisms
28 creatures vanquished.

Grand Total: 151 creatures vanquished

Notes
Turn   | Place    | Note
-------+----------+-------------------------------------------
     0 | D:1      | cforsyth the Djinni Conjurer began the quest for the Orb.
     0 | D:1      | cforsyth set off with the following spells memorised: Magic
                  | Dart, Searing Ray, Dazzling Flash, Fulminant Prism,
                  | Iskenderun's Mystic Blast.
     0 | D:1      | Reached XP level 1. HP: 15/15 MP: 0/0
    81 | D:1      | Reached XP level 2. HP: 19/21 MP: 0/0
   103 | D:1      | Found a faded altar of an unknown god.
   314 | D:1      | Found Etuxkaus's Assorted Antiques.
   338 | D:1      | Bought a scroll labelled BAXTUSY UZXAP for 28 gold pieces
   463 | D:1      | Reached XP level 3. HP: 25/25 MP: 0/0
   463 | D:1      | Learned a level 1 spell: Necrotise
   894 | D:2      | Reached XP level 4. HP: 25/31 MP: 0/0
  1010 | D:2      | Reached skill level 1 in Fighting
  1424 | D:3      | Noticed Pargi
  1450 | D:3      | Killed Pargi
  1451 | D:3      | Reached skill level 2 in Fighting
  1451 | D:3      | Reached XP level 5. HP: 27/39 MP: 0/0
  1451 | D:3      | Learned a level 2 spell: Scorch
  1787 | D:3      | Reached XP level 6. HP: 41/45 MP: 0/0
  1914 | D:3      | Reached skill level 3 in Fighting
  1991 | D:3      | Noticed Terence
  1996 | D:3      | Killed Terence
  2174 | D:3      | Found Avuqisse's Antique Armour Emporium.
  2294 | D:3      | Noticed Jessica
  2302 | D:3      | Killed Jessica
  3153 | D:4      | Reached XP level 7. HP: 33/51 MP: 0/0
  3153 | D:4      | Learned a level 3 spell: Ignite Poison
  3274 | D:4      | Found a burning altar of Makhleb.
  3297 | D:4      | Reached skill level 4 in Fighting
  3432 | D:4      | Found a blossoming altar of Fedhas.
  3432 | D:4      | Found a sparkling altar of Nemelex Xobeh.
  3454 | D:4      | Noticed Blork the orc
  3460 | D:4      | Killed Blork the orc
  3461 | D:4      | Reached skill level 5 in Spellcasting
  3509 | D:5      | Entered Level 5 of the Dungeon
  3515 | D:5      | Identified the +6 rapier "Cucam" {heavy, Str+6 Int+3 Dex-2
                  | SInv}
  4264 | D:5      | Noticed a water moccasin
  4266 | D:5      | Reached skill level 5 in Fighting
  4266 | D:5      | Reached XP level 8. HP: 35/59 MP: 0/0
  4279 | D:5      | Reached skill level 6 in Fighting
  4830 | D:6      | Reached XP level 9. HP: 54/67 MP: 0/0
  4830 | D:6      | Learned a level 3 spell: Gell's Gravitas
  4950 | D:6      | Reached skill level 7 in Fighting
  4959 | D:6      | Reached skill level 8 in Fighting
  4992 | D:6      | Slain by an ogre

Illustrated notes

Levels and vault maps discovered:
D:1:      scummos_arrival_star, layout_loops_ring, serial_shops, shop,
          shapermc_ecumenical_altar_starsandcircs, minivault_19,
          minmay_liquid_box, serial_bayou_pond_a, corexii_leaking_fountain
D:2:      layout_basic
D:3:      minmay_general_purpose_star, layout_loops_corners, serial_shops, shop,
          nicolae_underground_beach, uniq_pargi, uniq_terence, uniq_jessica
D:4:      layout_loops_ring, gammafunk_temple_overflow_statue,
          grunt_temple_overflow_lords_of_destruction, uniq_blork_the_orc
D:5:      layout_rooms
D:6:      layout_basic, minmay_temple_entry_mist

Skill      XL: |  1  2  3  4  5  6  7  8  9 |
---------------+----------------------------+-----
Stealth        | 2 |  2.2
Fighting       | 2 3 5 6 8 |  8.3
Spellcasting   | 4 5 6 7 |  7.4
Dodging        | |  2.9

Action                     |  1- 3 |  4- 6 |  7- 9 || total
---------------------------+-------+-------+-------++-------
   Cast: Magic Dart        |    72 |    89 |    38 ||   199
         Fulminant Prism   |       |     3 |    25 ||    28
         Scorch            |       |    30 |     8 ||    38
         Iskenderun's Myst |       |       |    10 ||    10
         Gell's Gravitas   |       |       |     8 ||     8
 Armour: Robe              |     2 |       |     6 ||     8
  Dodge: Dodged            |     7 |     3 |    14 ||    24
